 Dungeon Crawl Stone Soup version 0.21-a0-584-g185da8e (webtiles) character file.

854 vishdafish the Shield-Bearer (level 8, -2/58 HPs)
             Began as a Formicid Fighter on Dec 20, 2017.
             Slain by a scorpion (7 damage)
             ... in an ossuary.
             The game lasted 00:07:25 (3961 turns).

vishdafish the Shield-Bearer (Formicid Fighter)     Turns: 3961, Time: 00:07:25

Health: -2/58      AC:  7    Str: 20    XL:     8   Next: 21%
Magic:  8/8        EV: 10    Int: 16    God:
Gold:   132        SH: 10    Dex: 10    Spells: 7/7 levels left

rFire    . . .     SeeInvis +   a - +0 war axe
rCold    . . .     Gourm    .   c - +0 shield
rNeg     . . .     Faith    .   b - +0 scale mail
rPois    .         Spirit   .   (helmet unavailable)
rElec    .         Reflect  .   (no cloak)
rCorr    .         Harm     .   (no gloves)
MR       .....                  (no boots)
Stlth    ..........             (no amulet)
HPRegen  0.19/turn              (no ring)
MPRegen  0.11/turn              (no ring)

@: brilliant, lethally poisoned (-2 -> -12), flying
A: permanent stasis, dig shafts and tunnels, four strong arms, antennae 3
a: Dig, Shaft Self


You were in an ossuary.
You were not hungry.

You visited 1 branch of the dungeon, and saw 5 of its levels.
You also visited: Ossuary.

You collected 132 gold pieces.

Inventory:

Hand Weapons
 a - a +0 war axe (weapon)
Missiles
 n - 13 javelins (quivered)
Armour
 b - a +0 scale mail (worn)
 c - a +0 shield (worn)
Wands
 m - a wand of iceblast (10)
Scrolls
 e - 3 scrolls of random uselessness {unknown}
 g - a scroll of fear {unknown}
 i - 3 scrolls of immolation {unknown}
 j - a scroll of remove curse {unknown}
 k - 4 scrolls of identify {unknown}
 l - a scroll of enchant weapon {unknown}
 o - a scroll of noise {unknown}
 p - 2 scrolls of teleportation {unknown}
 r - a scroll of enchant armour {unknown}
 u - a scroll of holy word {unknown}
 v - a scroll of blinking {unknown}
 x - a scroll of acquirement {unknown}
 y - a scroll of amnesia {unknown}
Potions
 d - a potion of might
 h - 2 potions of haste
 s - a potion of flight
 t - a potion of resistance {unknown}
 z - a potion of curing {unknown}
 A - a potion of lignification {unknown}
Comestibles
 f - 4 rations


   Skills:
 - Level 3.2 Fighting
 + Level 4.7 Axes
 + Level 5.7 Armour
 + Level 3.7 Dodging
 + Level 6.4 Shields


You had 7 spell levels left.
You didn't know any spells.

Dungeon Overview and Level Annotations

Branches:
Dungeon (5/15)
 Temple: D:4-7

Altars:
Ashenzari
Cheibriados
Fedhas
Hepliaklqana
Makhleb
Qazlal
Ru
Trog
Vehumet
Xom

Annotations:
D:2 Sigmund


Innate Abilities, Weirdness & Mutations

You cannot be hasted, slowed, berserked, paralysed or teleported.
You can dig through walls and to a lower floor.
Your four strong arms can wield two-handed weapons with a shield.
You have a pair of large antennae on your head. (SInv)


Message History

Okay, then.
* * * LOW HITPOINT WARNING * * *
You feel sick.
The human zombie hits you but does no damage.
* * * LOW HITPOINT WARNING * * *
You feel sick.
A spear hits the scorpion!
It was a potion of magic.
Magic courses through your body.
* * * LOW HITPOINT WARNING * * *
You feel sick.
An arrow hits the human zombie!
The human zombie hits you but does no damage.
You block the scorpion's attack.
It was a potion of brilliance.
You feel clever all of a sudden.
* * * LOW HITPOINT WARNING * * *
You feel sick. The human zombie hits you.
* * * LOW HITPOINT WARNING * * *
The human zombie hits you.
* * * LOW HITPOINT WARNING * * *
The scorpion stings you!
You die...

###################
#...#???#...#...#..
#...+?.?#.^.'...8..
...#??M#...#......
##'#######'###8...8
#.^.#...#...#......
#.^.#...8...#...8..
#sZZ#.......#...#..
#.@.##8...8########
#...#.......#...#..
#.^.#...8...'^..#..
#...#...#...#...#..
##'###########'####
#...#...#.^.#.....#
#...8...'^^.#.....#
#.......#.^^#.....8
##8...8###'##......


You could see a scorpion and 2 human zombies.

Vanquished Creatures
  An ogre (D:4)
  6 scorpions (Ossuary)
  A bullfrog zombie (D:5)
  An orc wizard (D:4)
  2 human zombies (Ossuary)
  An orc priest (D:3)
  An iguana (D:4)
  A worker ant (D:5)
  A big kobold zombie (Ossuary)
  2 mummies (Ossuary)
  A worker ant zombie (D:5)
  8 adders
  2 scorpion zombies (Ossuary)
  An adder skeleton (D:2)
  4 worms
  3 dart slugs
  2 leopard geckos
  18 orcs
  A ball python (D:1)
  4 bats
  A bat zombie (D:2)
  6 giant cockroaches
  3 gnoll zombies (Ossuary)
  12 goblins
  13 hobgoblins
  10 jackals
  2 quokkas
  5 frilled lizards
  2 goblin zombies (Ossuary)
  2 hobgoblin zombies (Ossuary)
  10 kobolds
  4 kobold zombies (Ossuary)
  An orc zombie (Ossuary)
  9 rats
141 creatures vanquished.

Vanquished Creatures (others)
  A mummy (Ossuary)
  3 hobgoblin zombies (Ossuary)
4 creatures vanquished.

Grand Total: 145 creatures vanquished

Notes
Turn   | Place    | Note
-------+----------+-------------------------------------------
     0 | D:1      | vishdafish the Formicid Fighter began the quest for the Orb.
     0 | D:1      | Reached XP level 1. HP: 18/18 MP: 1/1
    51 | D:1      | Reached XP level 2. HP: 24/24 MP: 2/2
   228 | D:1      | Reached XP level 3. HP: 27/29 MP: 3/3
   235 | D:1      | Reached skill level 4 in Shields
   248 | D:1      | Reached skill level 1 in Dodging
   764 | D:2      | Reached XP level 4. HP: 35/35 MP: 4/4
  1095 | D:2      | Found a blossoming altar of Fedhas.
  1153 | D:2      | Noticed Sigmund
  1201 | D:3      | Found a radiant altar of Vehumet.
  1292 | D:3      | Reached XP level 5. HP: 38/41 MP: 5/5
  1368 | D:3      | Found a bloodstained altar of Trog.
  1825 | D:3      | Reached XP level 6. HP: 47/47 MP: 6/6
  2128 | D:3      | Reached skill level 5 in Shields
  2401 | D:4      | Noticed an ogre
  2406 | D:4      | Killed an ogre
  2646 | D:5      | Entered Level 5 of the Dungeon
  2691 | D:5      | Reached XP level 7. HP: 27/52 MP: 7/7
  2722 | D:5      | Found a burning altar of Makhleb.
  2733 | D:5      | Found a shimmering altar of Xom.
  2735 | D:5      | Found a sacrificial altar of Ru.
  2737 | D:5      | Found a stormy altar of Qazlal.
  2740 | D:5      | Found a hazy altar of Hepliaklqana.
  2740 | D:5      | Found a snail-covered altar of Cheibriados.
  2741 | D:5      | Found a shattered altar of Ashenzari.
  2846 | D:5      | Reached skill level 5 in Armour
  2928 | D:4      | Found a sand-covered staircase.
  2933 | Ossuary  | Entered an ossuary
  3314 | Ossuary  | Reached skill level 6 in Shields
  3507 | Ossuary  | Reached XP level 8. HP: 39/58 MP: 8/8
  3961 | Ossuary  | Slain by a scorpion

Vault maps used:
D:1:      onia_arrival_larder
D:2:      lemuel_round_altar, serial_undead, serial_undead_c, serial_undead_b,
          serial_undead_c, serial_undead_d, patterned_corridor, uniq_sigmund
D:3:      nicolae_overflow_hidden_temple, trog_hazing_becter
D:4:      enter_ossuary_5, uniq_pikel
D:5:      kennysheep_spiral_hall, grunt_temple_overflow_open, first_ration,
          basic_altar, bloody_makhleb
Ossuary:  ossuary_minmay_scorpions

Skill      XL: |  1  2  3  4  5  6  7 |
---------------+----------------------+-----
Shields        | 4 5 6 |  6.4
Dodging        | 1 2 3 |  3.7
Armour         | 4 5 |  5.7
Axes           | 3 4 |  4.7
Fighting       | |  3.2

Action                   |  1- 3 |  4- 6 |  7- 9 || total
-------------------------+-------+-------+-------++-------
Melee: War axe           |    97 |   255 |   167 ||   519
  Use: Potion            |       |       |     4 ||     4
  Eat: Chunk             |       |     6 |     2 ||     8
       Ration            |       |       |     1 ||     1
Armor: Scale mail        |    44 |   100 |    41 ||   185
Dodge: Dodged            |    35 |   107 |    65 ||   207
Block: Shield            |    49 |   149 |    91 ||   289

Table legend:
 A = Spawn XP
 B = Non-spawn XP
 C = Spawn XP percentage of total XP
 D = Spawn monster count
 E = Non-spawn monster count
 F = Spawn count percentage of total count
 G = Total turns spent on level
                    A         B        C        D         E        F      G
               +---------+---------+-------+---------+---------+-------+---------
         Total |       0 |    1220 |   0.0 |       0 |     141 |   0.0 |  3961
               +---------+---------+-------+---------+---------+-------+---------
           D:1 |       0 |      66 |   0.0 |       0 |      36 |   0.0 |   731
           D:2 |       0 |      35 |   0.0 |       0 |      12 |   0.0 |   430
           D:3 |       0 |     214 |   0.0 |       0 |      52 |   0.0 |  1201
           D:4 |       0 |     215 |   0.0 |       0 |       7 |   0.0 |   318
           D:5 |       0 |     125 |   0.0 |       0 |       9 |   0.0 |   253
       Ossuary |       0 |     565 |   0.0 |       0 |      25 |   0.0 |  1028
               +---------+---------+-------+---------+---------+-------+---------
